 Dungeon Crawl Stone Soup version 0.23.2-40-g277498a001 (webtiles) character file.

Game seed: 12097222050461644468

475 Martska the Skirmisher (level 7, 0/63 HPs)
             Began as a Hill Orc Fighter on Oct 12, 2019.
             Was an Initiate of Okawaru.
             Slain by a sky beast (1 damage)
             ... on level 5 of the Dungeon.
             The game lasted 00:12:14 (5336 turns).

Martska the Skirmisher (Hill Orc Fighter)           Turns: 5336, Time: 00:12:14

Health: 0/63       AC:  9    Str: 21    XL:     7   Next: 10%
Magic:  7/7        EV: 13    Int:  8    God:    Okawaru [......]
Gold:   113        SH: 10    Dex: 12    Spells: 6/6 levels left

rFire    . . .     SeeInvis .   a - +1 war axe
rCold    . . .     Gourm    .   c - +0 shield
rNeg     . . .     Faith    +   b - +0 scale mail
rPois    .         Spirit   .   k - +0 helmet
rElec    .         Reflect  .   (no cloak)
rCorr    .         Harm     .   (no gloves)
MR       .....                  y - +0 pair of boots
Stlth    ..........             o - amulet of faith
HPRegen  0.20/turn              p - +6 ring of evasion
MPRegen  0.10/turn              n - +2 ring of dexterity

@: no status effects
A: no striking features
a: Renounce Religion


You were on level 5 of the Dungeon.
You worshipped Okawaru.
Okawaru was noncommittal.
You were hungry.

You visited 2 branches of the dungeon, and saw 6 of its levels.

You collected 113 gold pieces.

Inventory:

Hand Weapons
 a - a +1 war axe (weapon)
Armour
 b - a +0 scale mail (worn)
 c - a +0 shield (worn)
 k - a +0 helmet (worn)
 u - a +0 helmet
 y - a +0 pair of boots (worn)
Jewellery
 g - an uncursed ring of flight
 n - a +2 ring of dexterity (right hand)
 o - an amulet of faith (around neck)
 p - a +6 ring of evasion (left hand)
 w - an uncursed ring of ice
Wands
 z - a wand of acid (10)
 A - a wand of random effects (20)
Scrolls
 j - 3 scrolls of enchant weapon
 l - a scroll of fear
 q - a scroll of teleportation
 r - a scroll of fog
 s - 2 scrolls of remove curse
 t - a scroll of magic mapping {unknown}
 v - 2 scrolls of amnesia
 x - 2 scrolls of enchant armour {unknown}
Potions
 d - 2 potions of might
 h - 2 potions of brilliance
 i - a potion of ambrosia {unknown}
 m - 2 potions of flight
 B - a potion of lignification {unknown}
 C - a potion of degeneration {unknown}
Comestibles
 f - 11 rations


   Skills:
 * Level 6.2 Fighting
 * Level 5.8 Axes
 + Level 4.7 Armour
 + Level 4.5 Shields


You had 6 spell levels left.
You didn't know any spells.
Your spell library contained the following spells:

 Spells                   Type           Power        Failure   Level  Hunger
 Flame Tongue             Conj/Fire      #....        99%         1    ##.....
 Throw Flame              Conj/Fire      #.....       100%        2    ###....
 Conjure Flame            Conj/Fire      #.......     100%        3    ####...
 Inner Flame              Hex/Fire       #.......     100%        3    ####...
 Sticky Flame             Conj/Fire      #.......     100%        4    #####..
 Fireball                 Conj/Fire      #.........   100%        5    ######.


Dungeon Overview and Level Annotations

Branches:
Dungeon (5/15)             Temple (1/1) D:4

Altars:
Ashenzari
Cheibriados
Dithmenos
Elyvilon
Gozag
Hepliaklqana
Kikubaaqudgha
Makhleb
Nemelex Xobeh
Okawaru
Qazlal
Trog
Uskayaw
Vehumet
Wu Jian
Xom
Yredelemnul
The Shining One


Message History

Something hits you but does no damage.
There is a stone staircase leading up here.
Your shield and scale mail prevent you from hitting something.
A sky beast appears from thin air!
Reactivating autopickup.
The sky beast hits you.
* * * LOW HITPOINT WARNING * * *
The sky beast shocks you.
* * * LOW HITPOINT WARNING * * *
You completely miss the sky beast.
The sky beast is severely wounded.
The sky beast misses you.
You miss the sky beast.
The sky beast is severely wounded.
You block the sky beast's attack.
You miss the sky beast.
The sky beast is severely wounded.
The sky beast hits you but does no damage.
The sky beast hits you.
You die...

.... .... .....
.....
#####.......#
###...#.......#
#@Y.≈.'........
###...#........
#...#........
#...#.......o
#............ .
##.....#####....
#...†.)).......
#............#.
###..........#


You could see a sky beast.

Vanquished Creatures
  2 ogres (D:4)
  A scorpion (D:5)
  A hound (D:4)
  3 orc wizards
  An orc priest (D:4)
  3 adders (D:2)
  A worm (D:2)
  11 orcs
  9 bats
  6 giant cockroaches
  5 goblins
  7 hobgoblins
  A jackal (D:3)
  12 kobolds
  3 quokkas
  A ball python skeleton (D:4)
  3 frilled lizards
  A quokka zombie (D:5)
  10 rats
  A plant (D:2)
82 creatures vanquished.

Notes
Turn   | Place    | Note
-------+----------+-------------------------------------------
     0 | D:1      | Martska the Hill Orc Fighter began the quest for the Orb.
     0 | D:1      | Reached XP level 1. HP: 19/19 MP: 1/1
   246 | D:1      | Reached XP level 2. HP: 24/27 MP: 2/2
   594 | D:1      | Reached skill level 4 in Fighting
  1401 | D:2      | Reached XP level 3. HP: 25/33 MP: 3/3
  1951 | D:2      | Reached XP level 4. HP: 39/41 MP: 4/4
  2190 | D:2      | Found a faded altar of an unknown god.
  2986 | D:3      | Reached XP level 5. HP: 45/47 MP: 5/5
  3519 | D:4      | Noticed an ogre
  3529 | D:4      | Killed an ogre
  3529 | D:4      | Reached skill level 5 in Fighting
  3602 | D:4      | Found a staircase to the Ecumenical Temple.
  3637 | Temple   | Entered the Ecumenical Temple
  3883 | Temple   | Became a worshipper of Warmaster Okawaru
  4024 | D:4      | Reached skill level 5 in Axes
  4024 | D:4      | Reached XP level 6. HP: 54/56 MP: 6/6
  5049 | D:4      | Reached skill level 6 in Fighting
  5099 | D:5      | Entered Level 5 of the Dungeon
  5262 | D:5      | Reached XP level 7. HP: 42/63 MP: 7/7
  5333 | D:5      | HP: 1/63 [sky beast (6)]
  5336 | D:5      | Slain by a sky beast

Skill      XL: |  1  2  3  4  5  6 |
---------------+-------------------+-----
Axes           | 3 4 5 |  5.8
Fighting       | 4 5 6 |  6.2
Armour         | 4 |  4.7
Shields        | 4 |  4.5

Action                   |  1- 3 |  4- 6 |  7- 9 || total
-------------------------+-------+-------+-------++-------
Melee: War axe           |    92 |   203 |    29 ||   324
  Use: Scroll            |       |    10 |       ||    10
       Potion            |       |       |     2 ||     2
  Eat: Chunk             |     3 |     4 |       ||     7
       Ration            |       |     2 |       ||     2
Armor: Scale mail        |    50 |    48 |    18 ||   116
Dodge: Dodged            |    38 |   101 |     9 ||   148
Block: Shield            |    43 |   109 |    15 ||   167
